 Dungeon Crawl Stone Soup version 0.14.2 (webtiles) character file.

7153 Amnesiac the Fetichist (level 10, 0/53 HPs)
             Began as a Spriggan Artificer on Feb 10, 2018.
             Was a High Priest of Nemelex Xobeh.
             Slain by a troll (8 damage)
             ... on Level 10 of the Dungeon.
             The game lasted 00:47:00 (16308 turns).

Amnesiac the Fetichist (Spriggan Artificer)        Turns: 16308, Time: 00:47:00

HP   0/53        AC  4     Str 10      XL: 10   Next: 70%
MP  30/30        EV 27     Int 13      God: Nemelex Xobeh [*****.]
Gold 587         SH  0     Dex 18      Spells:  2 memorised,  2 levels left

rFire  + . .     SeeInvis +     E - +0,+4 war axe (freeze)
rCold  + . .     Clarity  .     t - +1 robe {rF+}
rNeg   . . .     Conserve .     (shield restricted)
rPois  .         rCorr    .     (helmet restricted)
rElec  .         rRot     .     G - +0 cloak
SustAb . .       Spirit   .     (gloves unavailable)
rMut   .         Warding  .     (boots unavailable)
Saprov . . .     Stasis   .     (no amulet)
MR     +....                    d - ring of sustenance
                                m - ring of protection from cold

@: drained, very quick, somewhat resistant to hostile enchantments, fairly
stealthy
A: unfitting armour, see invisible, herbivore 3, speed 3, slow metabolism 2
a: Draw One, Peek at Two, Triple Draw, Deal Four, Stack Five, Renounce Religion


You were on level 10 of the Dungeon.
You worshipped Nemelex Xobeh.
Nemelex Xobeh was extremely pleased with you.
You were very full.

You visited 2 branches of the dungeon, and saw 11 of its levels.
You also visited: Sewer.

You collected 588 gold pieces.
You spent 1 gold pieces at shops.

Inventory:

Hand weapons
 b - a +3 blowgun
 E - a +0,+4 war axe of freezing (weapon)
Missiles
 e - 83 poisoned needles
 g - 2 throwing nets (quivered)
 y - 3 curare-tipped needles
Armour
 t - a +1 robe of fire resistance (worn)
 G - a +0 cloak (worn)
Magical devices
 c - a wand of enslavement (0)
 l - a wand of frost (0)
 n - a wand of slowing (0)
 r - a wand of hasting (2)
 z - a wand of fireball (0)
 D - a wand of slowing (9)
 F - a wand of polymorph (17)
 M - a wand of flame (0)
Comestibles
 p - 4 royal jellies
 x - 5 bread rations
 H - 6 strawberries
Scrolls
 a - 2 scrolls of blinking {!r}
 f - a scroll of vulnerability {!r}
 i - 4 scrolls of magic mapping {!r}
 k - 4 scrolls of remove curse {!r}
 v - 8 scrolls of identify {!r}
 A - 2 scrolls of teleportation {!r}
Jewellery
 d - a ring of sustenance (right hand)
 m - a ring of protection from cold (left hand)
 O - an uncursed ring of protection from cold
Potions
 h - 3 potions of mutation {!q}
 j - a potion of heal wounds {!q}
 q - 3 potions of restore abilities {!q}
 u - 3 potions of brilliance {!q}
 C - a potion of curing {!q}
 J - 2 potions of haste {!q}
 L - 2 potions of paralysis {!q}
 N - a potion of magic {!q}
Books
 w - a book of Debilitation

   Spells                             Type                      Level
   Corona                             Hexes                        1
   Slow                               Hexes                        2
   Inner Flame                        Hexes/Fire                   3
   Enslavement                        Hexes                        4
   Cause Fear                         Hexes                        4
   Leda's Liquefaction                Hexes/Earth                  4
 B - a book of the Warp

   Spells                             Type                      Level
   Control Teleport                   Charms/Translocation         4
   Phase Shift                        Translocation                5
   Warp Weapon                        Charms/Translocation         5
   Summon Forest                      Summoning/Translocation      5
   Dispersal                          Translocation                6
   Controlled Blink                   Translocation                7
   Disjunction                        Translocation                8
 K - a book of the Sky

   Spells                             Type                      Level
   *Flight                            Charms/Air                   3
   *Airstrike                         Air                          4
   Silence                            Hexes/Air                    5
   Deflect Missiles                   Charms/Air                   6
   Conjure Ball Lightning             Conjuration/Air              6
   Tornado                            Air                          9
Miscellaneous
 o - an ornate deck of summonings {drawn: 7}
 s - a plain deck of destruction {Frost, drawn: 1}
 I - an ornate deck of summonings {the Dance}


   Skills:
 + Level 6.7(5.8) Fighting
   Level 1.1(0.4) Short Blades
 + Level 12.1(11.1) Dodging
 - Level 1.5(0.8) Stealth
 * Level 15.8(14.7) Evocations


You had 2 spell levels left.
You knew the following spells:

 Your Spells              Type           Power        Failure   Level  Hunger
a - Flight                Chrm/Air       #.........   86%         3    ####...
b - Airstrike             Air            #.........   100%        4    #####..


Dungeon Overview and Level Annotations

Branches:
Dungeon (10/15)            Temple (1/1) D:6            Lair (0/8) D:9
    Orc: D:9-12

Altars:
Ashenzari
Cheibriados
Dithmenos
Elyvilon
Fedhas
Kikubaaqudgha
Makhleb
Nemelex Xobeh
Okawaru
Sif Muna
Trog
Vehumet
Xom
Yredelemnul
Zin
The Shining One

Shops:
D:10 *}


Innate Abilities, Weirdness & Mutations

You are tiny and cannot use many weapons and most armour.
You have supernaturally acute eyesight.
You are a herbivore.
You cover ground extremely quickly.
You need consume almost no food.


Message History

The worker ant is severely wounded.
The worker ant misses you. The worker ant completely misses you.
You closely miss the worker ant.
The worker ant is severely wounded.
The worker ant completely misses you. x2
You hit the worker ant. You freeze the worker ant.
You kill the worker ant!
You start resting.
An elf zombie comes into view.
Found a ring of protection from cold.
You start resting.
O - a ring of protection from cold You start resting.
A hobgoblin comes into view. It is wielding a club.
The hobgoblin shouts!
The hobgoblin closely misses you.
You slash the hobgoblin! You freeze the hobgoblin.
You kill the hobgoblin!
No target in view!
No target in view!
You open the door.
Found Wezaniet's General Store.
There is an open door here.
There is an entrance to Wezaniet's General Store here.
Unknown command.
Unknown command.
You are being weighed down by all of your possessions.
P - the cursed -5 leather armour of the Morning {MR++ Curse} Thank you for shopping at Wezaniet's General Store!
You drop the cursed -5 leather armour of the Morning {MR++ Curse}.
Your possessions no longer seem quite so burdensome.
You offer a prayer to Nemelex Xobeh.
The cursed -5 leather armour of the Morning {MR++ Curse} disappears without a glow.
Nemelex Xobeh is extremely pleased with you.
There is an open door here.
You now have 570 gold pieces (gained 17).
Things that are here:
a club; a hobgoblin corpse You offer a prayer to Nemelex Xobeh.
The club disappears without a glow.
The hobgoblin corpse glows slightly and disappears.
Nemelex Xobeh is extremely pleased with you.
There is an open door here.
You now have 587 gold pieces (gained 17).
Found Sticwofill's Gadget Boutique.
There is an entrance to Sticwofill's Gadget Boutique here.
Unknown command.
You found a shaft trap!
There is a shaft here.
Found a stone staircase leading down.
A troll comes into view.
The troll shouts!
You see here a viscous green potion {!q}.
You hit the troll but do no damage. The troll bites you!
The troll completely misses you. The troll claws you!
* * * LOW HITPOINT WARNING * * *
The troll completely misses you. The troll claws you!
* * * LOW HITPOINT WARNING * * *
The troll misses you.
You slash the troll! You freeze the troll.
The troll is moderately wounded.
The troll bites you!
You die...
Your body glows slightly and disappears.

#.####.##
#......#
#####..#
#....#
####.#
#..# #.##
##.# +.@#
+.T# ##.#
#.# #.#
#.# #.#
#.# #.#


You could see a troll.

Vanquished Creatures
  The ghost of Amnesiac the Evocator, an experienced SpAr of Nemelex Xobeh (D:5)
  Pikel (D:4)
  The ghost of Amnesiac the Prestidigitator, an experienced SpAr of Nemelex Xobeh (Sewer)
  Maurice (D:9)
  The ghost of Amnesiac the Sneak, an experienced SpAr (D:6)
  Grinder (D:4)
  A troll (D:10)
  A formicid (D:10)
  A wyvern (D:4)
  Eustachio (D:10)
  A deep elf fighter (D:9)
  3 ogres
  Edmund (D:6)
  A necrophage (D:10)
  3 slaves (D:4)
  Duvessa (D:6)
  A crocodile (D:9)
  6 centaurs
  2 big kobolds
  4 giant frogs
  2 scorpions
  A killer bee (D:7)
  A goliath beetle (D:8)
  8 wights
  Dowan (D:6)
  3 crimson imps
  3 big fish (D:6)
  An electric eel (D:6)
  3 hounds
  3 jellies (D:9)
  An orc priest (D:8)
  2 iguanas
  8 orc wizards
  A quasit (D:7)
  8 worker ants
  A hound skeleton (D:6)
  13 adders
  3 green rats
  3 shadow imps (D:8)
  4 giant mites
  5 worms
  An ufetubus (D:10)
  2 adder skeletons
  A giant eyeball (D:10)
  2 iguana skeletons
  8 giant geckos
  8 oozes
  27 orcs
  4 ball pythons
  A bat zombie (D:7)
  14 giant cockroaches
  12 goblins
  19 hobgoblins
  21 kobolds
  5 quokkas
  32 bats
  8 giant newts
  9 jackals
  A kobold zombie (D:5)
  2 orc skeletons (D:6)
  28 rats
  3 fungi (D:9)
  3 plants
319 creatures vanquished.

Vanquished Creatures (collateral kills)
  Prince Ribbit (D:8)
  2 hippogriffs
  A hungry ghost (D:8)
  A black bear (D:8)
  A phantom (D:4)
  An ice beast (D:7)
  A giant frog (D:7)
  Blork the orc (D:7)
  8 killer bees
  A wight (D:8)
  A crimson imp (D:8)
  An iguana (D:9)
  An orc wizard (D:4)
  A hound skeleton (D:9)
  2 adders
  A shadow imp (D:7)
  A worm (D:8)
  An orc zombie (D:5)
  6 orcs
  A bat zombie (D:8)
  A hobgoblin (D:7)
  6 jackals
  A bat (D:9)
  A giant newt (D:6)
  A kobold (D:7)
44 creatures vanquished.

Vanquished Creatures (others)
  A basilisk (D:9)
  4 vampire mosquitoes
  A slave (D:4)
  An elf skeleton (D:7)
  A sheep (D:7)
  A shadow imp (D:7)
  A giant gecko skeleton (D:7)
10 creatures vanquished.

Grand Total: 373 creatures vanquished

Notes
Turn   | Place    | Note
--------------------------------------------------------------
     0 | D:1      | Amnesiac, the Spriggan Artificer, began the quest for the Orb.
     0 | D:1      | Reached XP level 1. HP: 9/9 MP: 2/2
   158 | D:1      | Reached XP level 2. HP: 9/14 MP: 5/5
   272 | D:1      | Reached skill level 1 in Fighting
   909 | D:2      | Reached XP level 3. HP: 14/18 MP: 8/8
   925 | D:2      | Reached skill level 5 in Evocations
  1392 | D:3      | Reached XP level 4. HP: 22/22 MP: 11/11
  1494 | D:3      | Found a shadowy altar of Dithmenos.
  2305 | D:3      | Reached skill level 5 in Dodging
  2323 | D:3      | Found a glowing drain.
  2330 | Sewer    | Entered a sewer
  2379 | Sewer    | Reached skill level 6 in Evocations
  2532 | Sewer    | Noticed Amnesiac's ghost (experienced SpAr)
  2537 | Sewer    | Killed Amnesiac's ghost
  2537 | Sewer    | Reached skill level 8 in Evocations
  2537 | Sewer    | Reached XP level 5. HP: 19/27 MP: 14/16
  2537 | Sewer    | Reached XP level 6. HP: 22/32 MP: 16/19
  2688 | Sewer    | Reached XP level 7. HP: 31/35 MP: 21/21
  2862 | Sewer    | Noticed a giant frog
  2868 | Sewer    | Killed a giant frog
  3259 | D:4      | Reached skill level 9 in Evocations
  3468 | D:4      | Noticed Grinder
  3775 | D:4      | Killed Grinder
  3775 | D:4      | Reached skill level 10 in Evocations
  3775 | D:4      | Reached XP level 8. HP: 23/41 MP: 22/24
  4139 | D:4      | Noticed a wyvern
  4149 | D:4      | Killed a wyvern
  4431 | D:4      | Noticed Pikel
  4488 | D:4      | Pikel (ally) was killed
  4488 | D:4      | Reached skill level 11 in Evocations
  5224 | D:5      | Entered Level 5 of the Dungeon
  5336 | D:5      | Found a snail-covered altar of Cheibriados.
  5337 | D:5      | Found a white marble altar of Elyvilon.
  6034 | D:5      | Noticed Amnesiac's ghost (experienced SpAr)
  6954 | D:6      | Noticed Edmund
  6958 | D:6      | Reached skill level 12 in Evocations
  6987 | D:6      | HP: 1/42 [wight/morningstar (3)]
  7278 | D:6      | Noticed Amnesiac's ghost (experienced SpAr)
  7327 | D:6      | Killed Amnesiac's ghost
  7327 | D:6      | Reached XP level 9. HP: 24/46 MP: 27/27
  7558 | D:6      | Killed Edmund
  7874 | D:6      | Learned a level 3 spell: Flight
  8200 | D:6      | Found a radiant altar of Vehumet.
  8425 | D:6      | Reached skill level 5 in Fighting
  8610 | D:6      | Reached skill level 13 in Evocations
  8695 | D:6      | Found a staircase to the Ecumenical Temple.
  8695 | D:6      | Noticed Duvessa
  8695 | D:6      | Noticed Dowan
  8704 | D:6      | Killed Duvessa
  8724 | D:6      | Killed Dowan
  8724 | D:6      | Reached skill level 10 in Dodging
  8733 | Temple   | Entered the Ecumenical Temple
  8766 | Temple   | Became a worshipper of Nemelex Xobeh the Trickster
  8776 | D:6      | Received a gift from Nemelex Xobeh
  9072 | D:6      | Acquired Nemelex Xobeh's first power
  9710 | D:1      | Acquired Nemelex Xobeh's second power
 10193 | D:3      | Acquired Nemelex Xobeh's third power
 10259 | D:3      | You fall through a shaft for 3 floors!
 10303 | D:6      | Received a gift from Nemelex Xobeh
 11214 | D:5      | Killed Amnesiac's ghost
 11214 | D:5      | Reached skill level 14 in Evocations
 12253 | D:7      | Learned a level 4 spell: Airstrike
 12515 | D:7      | Received a gift from Nemelex Xobeh
 12588 | D:7      | Noticed Blork the orc
 12613 | D:7      | Killed Blork the orc
 12739 | D:7      | Reached XP level 10. HP: 53/53 MP: 29/29
 12851 | D:7      | Acquired Nemelex Xobeh's fourth power
 13199 | D:8      | Noticed Prince Ribbit
 13223 | D:8      | Received a gift from Nemelex Xobeh
 13237 | D:8      | Killed Prince Ribbit
 14180 | D:8      | Received a gift from Nemelex Xobeh
 14275 | D:9      | Noticed Maurice
 14322 | D:9      | Killed Maurice
 14322 | D:9      | Reached skill level 15 in Evocations
 14929 | D:9      | Found a staircase to the Lair.
 14989 | D:9      | Acquired Nemelex Xobeh's fifth power
 14989 | D:9      | Received a gift from Nemelex Xobeh
 15700 | D:10     | Entered Level 10 of the Dungeon
 15700 | D:10     | Noticed Eustachio
 15719 | D:10     | Killed Eustachio
 16208 | D:10     | Found Wezaniet's General Store.
 16211 | D:10     | Bought the cursed -5 leather armour of the Morning {MR++ Curse} for 1 gold piece
 16269 | D:10     | Found Sticwofill's Gadget Boutique.
 16308 | D:10     | Slain by a troll

Action                   |  1- 3 |  4- 6 |  7- 9 | 10-12 || total
-------------------------+-------+-------+-------+-------++-------
Melee: Mace              |    36 |    52 |   107 |       ||   195
       Short sword       |    11 |       |       |       ||    11
       Dagger            |       |       |   125 |       ||   125
       Whip              |       |       |   103 |       ||   103
       War axe           |       |       |   206 |   280 ||   486
 Fire: Sling             |    98 |   143 |   229 |       ||   470
       Blowgun           |       |       |    25 |     3 ||    28
Invok: Draw One          |       |       |       |     7 ||     7
Evoke: Wand              |       |     5 |    57 |     7 ||    69
       Deck              |       |       |    12 |     6 ||    18
  Use: Scroll            |       |       |    22 |     3 ||    25
       Potion            |       |       |     9 |       ||     9
 Stab: Sleeping          |       |       |     5 |     2 ||     7
       Confused          |       |       |     5 |       ||     5
       Distracted        |       |       |     1 |       ||     1
       Betrayed ally     |       |       |     1 |       ||     1
